 Dungeon Crawl Stone Soup version 0.29.1-2-gbd0b4ee654 (webtiles) character file.

Game seed: 10846016740947301526

377 funnyparkerb the Magician (level 7, -1/56 HPs)
             Began as a Meteoran Transmuter on Nov 11, 2022.
             Succumbed to an orc wizard's poison
             ... on level 4 of the Dungeon.
             The game lasted 00:06:44 (1503 turns).

funnyparkerb the Magician (Meteoran Transmuter)     Turns: 1503, Time: 00:06:45

Health: -1/56      AC:  3    Str:  9 (11) XL:     7   Next: 25%
Magic:  14/15      EV: 12    Int: 25 (26) God:
Gold:   116        SH:  0    Dex: 12 (14) Spells: 5/15 levels left

rFire   x . .      SeeInvis .   q - +6 trident of Ufeal {venom, rF- rC+ Str-2 Int+10}
rCold   + . .      Faith    .   (no shield)
rNeg    . . .      Spirit   .   a - +0 robe
rPois   .          Reflect  .   (no helmet)
rElec   .          Harm     .   (no cloak)
rCorr   .          Rampage  .   r - +0 pair of gloves
Will    .....                   (no boots)
Stlth   +.........              (no amulet)
HPRegen 0.18/turn               (no ring)
MPRegen 0.14/turn               (no ring)

@: lethally poisoned (-1 -> -16), glowing
A: sense surroundings 1, otherworldly, glowing, explore regen
a: no special abilities


You were on level 4 of the Dungeon.
You visited 1 branch of the dungeon, and saw 5 of its levels.

You collected 116 gold pieces.

Inventory:

Hand Weapons
 q - the +6 trident of Ufeal (weapon) {venom, rF- rC+ Str-2 Int+10}
   (You found it on level 3 of the Dungeon)

   It poisons the flesh of those it strikes.
   Str:       It affects your strength (-2).
   Int:       It affects your intelligence (+10).
   rF:        It makes you vulnerable to fire.
   rC:        It protects you from cold.
Armour
 a - a +0 robe (worn)
 r - a +0 pair of gloves (worn)
Scrolls
 c - 2 scrolls of magic mapping {unknown}
 d - a scroll of blinking {unknown}
 h - 2 scrolls of enchant armour {unknown}
 i - 4 scrolls of identify {unknown}
 j - 2 scrolls of fear {unknown}
 l - a scroll of amnesia {unknown}
 m - 3 scrolls of noise {unknown}
 n - a scroll of summoning {unknown}
 o - a scroll of enchant weapon {unknown}
 p - a scroll of teleportation {unknown}
Potions
 b - 2 potions of lignification
 e - a potion of berserk rage {unknown}
 f - a potion of cancellation
 g - a potion of degeneration
 k - 2 potions of heal wounds {unknown}
 s - a potion of resistance {unknown}


   Skills:
 + Level 2.6 Fighting
 - Level 2.4 Dodging
 - Level 4.3 Unarmed Combat
 * Level 4.7 Spellcasting
 * Level 4.7 Transmutations
 * Level 2.1 Ice Magic
 * Level 2.8 Poison Magic


You had 5 spell levels left.
You knew the following spells:

 Your Spells              Type           Power      Damage    Failure   Level
a - Beastly Appendage     Tmut           58%        N/A       1%          1
b - Wereblood             Tmut           29%        N/A       1%          2
c - Spider Form           Tmut/Pois      25%        N/A       5%          3
d - Ice Form              Ice/Tmut       23%        N/A       21%         4

Your spell library contained the following spells:

 Spells                   Type           Power      Damage    Failure   Level
 Freeze                   Ice            64%        1d8       3%          1
 Apportation              Tloc           10%        N/A       9%          1
 Necrotise                Necr           20%        1d5       9%          1
 Summon Small Mammal      Summ           20%        N/A       9%          1
 Frozen Ramparts          Ice            32%        1d5       11%         3
 Hailstorm                Conj/Ice       11%        3d5       47%         4


Dungeon Overview and Level Annotations

Branches:
Dungeon (5/15) Zot: 1497
 Temple: D:4-7

Altars:
Yredelemnul

Shops:
D:1 (


Innate Abilities, Weirdness & Mutations

You passively map a small area around you.
You are easily found by Zot.
You glow in the dark.
You regain HP and MP as you explore.


Message History

The orc wizard hits you with a +1 dagger of venom.
You feel very sick. The scorpion closely misses you.
The orc closely misses you.
The orc hits you from afar with a +0 trident!
The orc wizard hits you with a +0 dagger.
The orc wizard hits you but does no damage.
You are more poisoned.
You climb upwards.
* * * LOW HITPOINT WARNING * * *
You feel very sick.
There is a stone staircase leading down here.
Really quaff the potion of lignification?
You turn into a tree.
Your +0 pair of gloves melds into your body.
Your +0 robe melds into your body.
Your roots penetrate the ground.
You feel very sick.
The scorpion stings you but does no damage.
The orc hits you but does no damage. The orc wizard completely misses you.
The orc wizard casts a spell at you.
You easily resist.
The scorpion barely misses you.
It was a potion of cancellation.
Your magical effects are unravelling.
You feel magically purged.
You feel less wooden.
Your +0 pair of gloves unmelds from your body.
Your +0 robe unmelds from your body.
You feel less confused.
Your primal bloodlust has ended.
* * * LOW HITPOINT WARNING * * *
You feel very sick. The scorpion stings you.
* * * LOW HITPOINT WARNING * * *
The orc wizard closely misses you.
The orc wizard hits you with a +1 dagger of venom.
* * * LOW HITPOINT WARNING * * *
You are more poisoned.
The orc hits you but does no damage.
It was a potion of degeneration.
There was something very wrong with that liquid.
You feel weakened.
You feel dopey.
You feel clumsy.
You die...

#.........# #.......#.#.###
#.........# #.......†.#.#..
#.........###.......###.#.#
#####.............#.........#.#
#......#.....#.##.#...........#
#...........##.....############
#..................# #
#..........###so...### #
#..........#..@o.....# ####
###..........#...o.....#####
#...
.............#.............#
#.##
#............#.....†.......#
#...
#####........####....†.....#
#...
....#....).................#
#...
#._.#..###'#.#####.........#
#.## #...#..# #.#...*
#.........# #.# ######.#
#.###.###.........# #.##


You could see a scorpion, 2 orc wizards and an orc.

Vanquished Creatures
  A necrophage (D:4)
  2 scorpions (D:4)
  An orc priest (D:2)
  Terence (D:2)
  An orc wizard (D:4)
  2 adders (D:4)
  A dart slug (D:4)
  13 orcs
  5 bats
  10 endoplasms
  2 giant cockroaches
  5 goblins
  6 hobgoblins
  9 jackals
  A quokka (D:1)
  7 ball pythons
  A frilled lizard (D:3)
  8 kobolds
  7 rats
83 creatures vanquished.

Notes
Turn   | Place    | Note
-------+----------+-------------------------------------------
     0 | D:1      | funnyparkerb the Meteoran Transmuter began the quest for
                  | the Orb.
     0 | D:1      | Reached XP level 1. HP: 16/16 MP: 5/5
    63 | D:1      | Reached XP level 2. HP: 18/23 MP: 6/6
    68 | D:1      | Learned a level 2 spell: Wereblood
   156 | D:2      | Reached XP level 3. HP: 24/28 MP: 8/8
   165 | D:2      | Reached XP level 4. HP: 13/36 MP: 8/10
   180 | D:1      | Learned a level 3 spell: Spider Form
   185 | D:1      | Learned a level 4 spell: Ice Form
   359 | D:1      | Found Basafuig's Weapon Shoppe.
   658 | D:2      | Reached XP level 5. HP: 41/41 MP: 7/11
   694 | D:2      | Noticed Terence
   702 | D:2      | HP: 2/41 [Terence/+0 flail (5)]
   703 | D:2      | Killed Terence
   704 | D:2      | Reached skill level 1 in Poison Magic
   920 | D:3      | Identified the +6 trident of Ufeal {venom, rF- rC+ Str-2
                  | Int+10}
  1205 | D:4      | Reached XP level 6. HP: 45/48 MP: 10/13
  1209 | D:4      | Reached skill level 1 in Ice Magic
  1384 | D:4      | Reached XP level 7. HP: 55/56 MP: 10/14
  1460 | D:4      | Found a basalt altar of Yredelemnul.
  1495 | D:5      | Entered Level 5 of the Dungeon
  1502 | D:4      | HP: 2/56 [orc wizard/+1 dagger of venom (2)]
  1503 | D:4      | Succumbed to an orc wizard's poison

Illustrated notes

Levels and vault maps discovered:
D:1:      moated_graveyard_arrival, layout_loops_ring, serial_shops,
          nicolae_shop_bloodbath_and_beyond,
          hellmonk_ecumenical_altar_prayer_group, amcnicky_mini_corridor_feature
D:2:      layout_rooms, basic_altar, dk_noncrumbling_4, uniq_terence
D:3:      minmay_evil_eye, layout_basic, grunt_decor_mini_mirrors,
          uniq_crazy_yiuf_cottage
D:4:      kennysheep_spiral_hall, layout_basic, mainiacjoe_overflow_swirl
D:5:      minmay_chambers_of_fours, layout_loops_cross,
          nicolae_vehumet_altar_sigil, old_standard_altar, serial_shops,
          nicolae_shop_waterfront

Skill      XL: |  1  2  3  4  5  6  7 |
---------------+----------------------+-----
Spellcasting   | 3 4 |  4.7
Transmutations | 3 4 |  4.7
Unarmed Combat | 4 |  4.3
Fighting       | 2 |  2.6
Poison Magic   | 1 2 |  2.8
Ice Magic      | 1 2 |  2.1
Dodging        | |  2.4

Action                   |  1- 3 |  4- 6 |  7- 9 || total
-------------------------+-------+-------+-------++-------
Melee: Unarmed           |    45 |   105 |       ||   150
       Kick              |     7 |    21 |     2 ||    30
       Headbutt          |     4 |    16 |       ||    20
       Punch             |       |     4 |       ||     4
       Trident           |       |    34 |     6 ||    40
 Cast: Beastly Appendage |     6 |    20 |     1 ||    27
       Wereblood         |     3 |    22 |     2 ||    27
  Use: Potion            |       |       |     3 ||     3
Armor: Robe              |    14 |    27 |     3 ||    44
       Skin              |       |       |     2 ||     2
Dodge: Dodged            |    18 |    76 |    12 ||   106
